 Dungeon Crawl Stone Soup version 0.29.1-12-g30fa7ad0bf (webtiles) character file.

Game seed: 2049615514453165984

5981 mopl the Nimble (level 10, -3/86 HPs)
             Began as a Gnoll Monk on Dec 28, 2022.
             Was a Priest of Ashenzari.
             Asphyxiated
             ... on level 9 of the Dungeon.
             The game lasted 00:15:41 (7431 turns).

mopl the Nimble (Gnoll Monk)                        Turns: 7431, Time: 00:15:41

Health: -3/86      AC: 16    Str: 15    XL:     10   Next: 85%
Magic:  21/21      EV: 14    Int:  9    God:    Ashenzari [***...]
Gold:   496        SH:  6    Dex: 15    Spells: 24/24 levels left

rFire   . . .      SeeInvis +   a - +0 flail of the Wild Blue Yonder {Evo, Bglg} (curse)
rCold   . . .      Faith    .   s - +0 buckler "Eternal Vision" {Self, Melee} (curse)
rNeg    . . .      Spirit   .   w - +0 chain mail of the Bound Scepticism {Comp, Melee} (curse)
rPois   .          Reflect  .   H - +2 helmet "Perceptive Panentheism" {Evo, Fort} (curse)
rElec   .          Harm     .   (no cloak)
rCorr   .          Rampage  .   M - +1 pair of gloves
Will    .....      Clarity  +   (no boots)
Stlth   +.........              t - amulet of regeneration
HPRegen 1.04/turn               e - ring of the Eye in the Sky {Slay+4, Comp, Fort} (curse)
MPRegen 0.17/turn               v - +4 ring of evasion

@: lethally poisoned (-3 -> -10), slowed, very slow
A: fangs 1, strong nose, distributed training
a: Renounce Religion, Shatter the Chains


You were on level 9 of the Dungeon.
You worshipped Ashenzari.
Ashenzari was most pleased with you.
You visited 1 branch of the dungeon, and saw 9 of its levels.
You also visited: Sewer.

You collected 496 gold pieces.

Inventory:

Hand Weapons
 a - the cursed +0 flail of the Wild Blue Yonder (weapon) {Evo, Bglg}
   (You took it off an orc on level 2 of the Dungeon)

   It has a curse which improves the following skills: Evocations: Evocations.
   Beguiling: Conjurations, Hexes and Translocations.
 J - a +0 broad axe
 L - a +0 morningstar
 Q - a +1 flail of protection
Missiles
 h - 12 poisoned darts (quivered)
 z - 3 curare-tipped darts
 O - 5 javelins
Armour
 s - the cursed +0 buckler "Eternal Vision" (worn) {Self, Melee}
   (You found it on level 2 of the Dungeon)

   It has a curse which improves the following skills: Introspection: Fighting
   and Spellcasting.
   Melee Combat: Short Blades, Long Blades, Axes, Maces & Flails, Polearms,
   Staves and Unarmed Combat.
 w - the cursed +0 chain mail of the Bound Scepticism (worn) {Comp, Melee}
   (You found it on level 4 of the Dungeon)

   It has a curse which improves the following skills: Companions: Summonings
   and Necromancy.
   Melee Combat: Short Blades, Long Blades, Axes, Maces & Flails, Polearms,
   Staves and Unarmed Combat.
 H - the cursed +2 helmet "Perceptive Panentheism" (worn) {Evo, Fort}
   (You found it on level 5 of the Dungeon)

   It has a curse which improves the following skills: Evocations: Evocations.
   Fortitude: Armour and Shields.
 M - a +1 pair of gloves (worn)
Jewellery
 e - the cursed ring of the Eye in the Sky (left hand) {Slay+4, Comp, Fort}
   (You found it on level 1 of the Dungeon)

   [ring of slaying]

   Slay:      It affects your accuracy & damage with ranged weapons and melee
   (+4).
   It has a curse which improves the following skills: Companions: Summonings
   and Necromancy.
   Fortitude: Armour and Shields.
 f - a ring of magical power
 i - a ring of resist corrosion
 t - an amulet of regeneration (around neck)
 v - a +4 ring of evasion (right hand)
 y - a +4 ring of evasion
 F - a ring of wizardry
 P - a ring of positive energy
Wands
 r - a wand of charming (3)
 E - a wand of flame (7)
Scrolls
 b - 5 scrolls of magic mapping
 d - 3 scrolls of enchant armour
 j - 4 scrolls of enchant weapon
 l - a scroll of silence {!r}
 m - 4 scrolls of poison
 n - 5 scrolls of blinking
 p - a scroll of immolation
 u - a scroll of teleportation
 x - 2 scrolls of torment {!r}
 D - a scroll of vulnerability
 G - 3 scrolls of fog
 K - a scroll of amnesia
Potions
 c - a potion of ambrosia
 g - 4 potions of mutation {!q}
 k - 6 potions of curing
 o - a potion of magic
 q - a potion of might
 A - 3 potions of haste
 B - a potion of resistance
 C - a potion of heal wounds
 I - a potion of lignification {!q}
 N - a potion of brilliance


   Skills:
 + Level 8.9(10.5) Fighting
 + Level 5.9(8.3) Short Blades
 + Level 5.9(8.3) Long Blades
 + Level 5.9(8.3) Axes
 + Level 8.9(11.4) Maces & Flails
 + Level 5.9(8.3) Polearms
 + Level 5.9(8.3) Staves
 + Level 5.9 Ranged Weapons
 + Level 5.9 Throwing
 + Level 5.9(8.3) Armour
 + Level 8.9 Dodging
 + Level 7.3 Stealth
 + Level 5.9(8.3) Shields
 + Level 5.9(8.3) Unarmed Combat
 + Level 5.9(7.5) Spellcasting
 + Level 4.8(6.4) Conjurations
 + Level 4.8(6.4) Hexes
 + Level 4.8(7.2) Summonings
 + Level 4.8(7.2) Necromancy
 + Level 4.8(6.4) Translocations
 + Level 4.8 Transmutations
 + Level 4.8 Fire Magic
 + Level 4.8 Ice Magic
 + Level 4.8 Air Magic
 + Level 4.8 Earth Magic
 + Level 4.8 Poison Magic
 + Level 6.4 Invocations
 + Level 5.9(8.3) Evocations


You had 24 spell levels left.
You didn't know any spells.
Your spell library contained the following spells:

 Spells                   Type           Power      Damage    Failure   Level
 Apportation              Tloc           28%        N/A       24%         1
 Sandblast                Erth           24%        2d8       41%         1
 Sting                    Tmut/Pois      48%        1d5       41%         1
 Static Discharge         Conj/Air       13%        3-5/arc   43%         2
 Passwall                 Tmut/Erth      10%        N/A       54%         2
 Poisonous Vapours        Pois/Air       24%        N/A       54%         2
 Stone Arrow              Conj/Erth      26%        3d8       67%         3
 Dispel Undead            Necr           16%        3d10      86%         4
 Animate Armour           Summ/Erth      28%        N/A       95%         4
 Sticky Flame             Conj/Fire      13%        2d4       97%         4
 Olgreb's Toxic Radiance  Pois           12%        N/A       99%         4
 Alistair's Intoxication  Tmut/Pois      8%         N/A       100%        5
 Lehudib's Crystal Spear  Conj/Erth      6%         10d3      100%        8


Dungeon Overview and Level Annotations

Branches:
Dungeon (9/15)             Temple (0/1) D:7           Sewer (visited)
   Lair: D:8-11         Orc: D:9-12

Altars:
Ashenzari
Fedhas
Makhleb
Qazlal
Sif Muna
Trog
Xom
Yredelemnul


Innate Abilities, Weirdness & Mutations

You have very sharp teeth.
Your uncanny sense of smell can sniff out nearby items.
Your experience applies equally to all skills.


Message History

The gnoll hits you with a +0 club.
The kobold hits you with a +0 short sword.
* * * LOW HITPOINT WARNING * * *
You hit the gnoll but do no damage.
You feel sick.
The kobold brigand hits you with a +0 club.
* * * LOW HITPOINT WARNING * * *
The gnoll sergeant hits you but does no damage.
You block the kobold's attack. You block the gnoll's attack.
The gnoll misses you.
Unknown command.
You thump the gnoll!
You kill the gnoll!
You feel sick.
You are no longer poisoned.
You block the kobold brigand's attack.
The gnoll hits you from afar with a +0 spear.
* * * LOW HITPOINT WARNING * * *
The gnoll sergeant hits you from afar with a +0 spear.
* * * LOW HITPOINT WARNING * * *
You block the kobold's attack.
The kobold brigand throws a curare-tipped dart.
The curare-tipped dart barely misses you.
You block the gnoll's attack. The gnoll sergeant barely misses you.
You see here a +0 flail.
Unknown command.
You thump the kobold!
You kill the kobold!
You feel yourself speed up.
The kobold brigand throws a curare-tipped dart.
The curare-tipped dart hits you.
You are poisoned.
You have difficulty breathing.
* * * LOW HITPOINT WARNING * * *
You feel yourself slow down. The gnoll hits you but does no damage.
The gnoll sergeant barely misses you.
The kobold brigand throws a curare-tipped dart.
The curare-tipped dart hits you.
You are lethally poisoned!
You have difficulty breathing.
You die...

, ......§§≈.≈_≈.§... , ,,
........≈o≈≈§.≈≈≈≈ ,. ,
........§K....§§.. , *..
, ,,.......≈≈≈§≈≈≈.≈≈ , ,
...,,, ####.K..§........
, , ....
,,+...K..........#. ,
..... ###..............
......####K.............
.......@)KK.......##..#.
, * *
........)K......#....##.
*........gg..##......###.
, , ............##......#
#. ............+ ......#
* ............#*#..>..
............# #.. ,
............. , , , ,


You could see a kobold brigand, a gnoll sergeant, a gnoll and 3 kobolds.

Vanquished Creatures
  A two-headed ogre (D:8)
  A skeletal warrior (D:8)
  A manticore (D:8)
  A yaktaur (D:8)
  A yak (D:8)
  A vampire mosquito (D:8)
  8 water moccasins
  A sky beast (D:8)
  An orc warrior (D:8)
  4 ice beasts
  An ogre (D:5)
  2 phantoms (D:5)
  Blork the orc (D:6)
  5 kobold brigands
  A bullfrog (D:7)
  4 necrophages
  A gnoll sergeant (D:4)
  2 scorpions
  A wight (D:8)
  A killer bee (D:8)
  3 electric eels (D:6)
  3 jellies
  9 orc priests
  4 hounds
  5 iguanas
  9 orc wizards
  9 gnolls
  13 adders
  7 river rats (Sewer)
  2 white imps
  An ufetubus (D:6)
  4 worms
  6 dart slugs
  31 orcs
  7 ball pythons
  A bat (D:1)
  9 endoplasms
  4 giant cockroaches
  14 goblins
  14 hobgoblins
  8 jackals
  7 quokkas
  5 frilled lizards
  30 kobolds
  4 rats
  A spectral orc (D:7)
249 creatures vanquished.

Vanquished Creatures (others)
  A fungus (D:1)
  17 plants
18 creatures vanquished.

Grand Total: 267 creatures vanquished

Notes
Turn   | Place    | Note
-------+----------+-------------------------------------------
     0 | D:1      | mopl the Gnoll Monk began the quest for the Orb.
     0 | D:1      | Reached XP level 1. HP: 23/23 MP: 1/1
     1 | D:1      | Noticed a minotaur skeleton
     3 | D:1      | Noticed a draconian
     6 | D:1      | Noticed a tengu
     9 | D:1      | Noticed a merfolk zombie
    15 | D:1      | Noticed a merfolk
    18 | D:1      | Noticed a vampire
    18 | D:1      | Noticed a felid
   105 | D:1      | Found a faded altar of an unknown god.
   116 | D:1      | Prayed at the altar of an unknown god.
   116 | D:1      | Became a worshipper of Ashenzari the Shackled
   140 | D:1      | Reached XP level 2. HP: 26/29 MP: 2/2
   277 | D:1      | Reached XP level 3. HP: 34/35 MP: 3/3
   317 | D:1      | Reached skill level 1 in Invocations
   642 | D:2      | Reached skill level 1 in Short Blades
   642 | D:2      | Reached skill level 1 in Long Blades
   642 | D:2      | Reached skill level 1 in Axes
   642 | D:2      | Reached skill level 1 in Polearms
   642 | D:2      | Reached skill level 1 in Staves
   642 | D:2      | Reached skill level 1 in Ranged Weapons
   642 | D:2      | Reached skill level 1 in Throwing
   642 | D:2      | Reached skill level 1 in Armour
   642 | D:2      | Reached skill level 1 in Shields
   642 | D:2      | Reached skill level 1 in Unarmed Combat
   642 | D:2      | Reached skill level 1 in Spellcasting
   642 | D:2      | Reached skill level 1 in Evocations
   671 | D:2      | Reached XP level 4. HP: 35/41 MP: 5/5
   679 | D:2      | Reached * piety under Ashenzari
   720 | D:2      | Reached skill level 1 in Conjurations
   720 | D:2      | Reached skill level 1 in Hexes
   720 | D:2      | Reached skill level 1 in Summonings
   720 | D:2      | Reached skill level 1 in Necromancy
   720 | D:2      | Reached skill level 1 in Translocations
   720 | D:2      | Reached skill level 1 in Transmutations
   720 | D:2      | Reached skill level 1 in Fire Magic
   720 | D:2      | Reached skill level 1 in Ice Magic
   720 | D:2      | Reached skill level 1 in Air Magic
   720 | D:2      | Reached skill level 1 in Earth Magic
   720 | D:2      | Reached skill level 1 in Poison Magic
  1167 | D:2      | Reached ** piety under Ashenzari
  1410 | D:2      | Reached XP level 5. HP: 46/49 MP: 8/8
  1710 | D:3      | Found a blossoming altar of Fedhas.
  1858 | D:3      | Found a shimmering blue altar of Sif Muna.
  2216 | D:4      | Reached skill level 2 in Invocations
  2233 | D:4      | Reached skill level 2 in Short Blades
  2233 | D:4      | Reached skill level 2 in Long Blades
  2233 | D:4      | Reached skill level 2 in Axes
  2233 | D:4      | Reached skill level 2 in Polearms
  2233 | D:4      | Reached skill level 2 in Staves
  2233 | D:4      | Reached skill level 2 in Ranged Weapons
  2233 | D:4      | Reached skill level 2 in Throwing
  2233 | D:4      | Reached skill level 2 in Armour
  2233 | D:4      | Reached skill level 2 in Shields
  2233 | D:4      | Reached skill level 2 in Unarmed Combat
  2233 | D:4      | Reached skill level 2 in Spellcasting
  2233 | D:4      | Reached skill level 2 in Evocations
  2233 | D:4      | Reached XP level 6. HP: 45/56 MP: 10/10
  2595 | D:4      | Reached XP level 7. HP: 62/62 MP: 11/11
  2599 | D:4      | Reached skill level 7 in Fighting
  2599 | D:4      | Reached skill level 7 in Maces & Flails
  2599 | D:4      | Reached skill level 7 in Dodging
  2651 | D:4      | Reached skill level 2 in Conjurations
  2651 | D:4      | Reached skill level 2 in Hexes
  2651 | D:4      | Reached skill level 2 in Summonings
  2651 | D:4      | Reached skill level 2 in Necromancy
  2651 | D:4      | Reached skill level 2 in Translocations
  2651 | D:4      | Reached skill level 2 in Transmutations
  2651 | D:4      | Reached skill level 2 in Fire Magic
  2651 | D:4      | Reached skill level 2 in Ice Magic
  2651 | D:4      | Reached skill level 2 in Air Magic
  2651 | D:4      | Reached skill level 2 in Earth Magic
  2651 | D:4      | Reached skill level 2 in Poison Magic
  2739 | D:4      | Reached skill level 5 in Stealth
  2948 | D:4      | Reached *** piety under Ashenzari
  2957 | D:5      | Entered Level 5 of the Dungeon
  2968 | D:5      | Reached skill level 3 in Invocations
  2985 | D:5      | Found a glowing drain.
  3018 | Sewer    | Entered a sewer
  3243 | Sewer    | Reached skill level 3 in Short Blades
  3243 | Sewer    | Reached skill level 3 in Long Blades
  3243 | Sewer    | Reached skill level 3 in Axes
  3243 | Sewer    | Reached skill level 3 in Polearms
  3243 | Sewer    | Reached skill level 3 in Staves
  3243 | Sewer    | Reached skill level 3 in Ranged Weapons
  3243 | Sewer    | Reached skill level 3 in Throwing
  3243 | Sewer    | Reached skill level 3 in Armour
  3243 | Sewer    | Reached skill level 3 in Shields
  3243 | Sewer    | Reached skill level 3 in Unarmed Combat
  3243 | Sewer    | Reached skill level 3 in Spellcasting
  3243 | Sewer    | Reached skill level 3 in Evocations
  3243 | Sewer    | Reached XP level 8. HP: 72/72 MP: 15/15
  3770 | D:5      | Found a shimmering altar of Xom.
  3770 | D:5      | Found a shimmering altar of Xom.
  3772 | D:5      | Found a shimmering altar of Xom.
  3773 | D:5      | Found a shimmering altar of Xom.
  3775 | D:5      | Found a shimmering altar of Xom.
  3776 | D:5      | Found a shimmering altar of Xom.
  4327 | D:6      | Reached skill level 3 in Conjurations
  4327 | D:6      | Reached skill level 3 in Hexes
  4327 | D:6      | Reached skill level 3 in Summonings
  4327 | D:6      | Reached skill level 3 in Necromancy
  4327 | D:6      | Reached skill level 3 in Translocations
  4327 | D:6      | Reached skill level 3 in Transmutations
  4327 | D:6      | Reached skill level 3 in Fire Magic
  4327 | D:6      | Reached skill level 3 in Ice Magic
  4327 | D:6      | Reached skill level 3 in Air Magic
  4327 | D:6      | Reached skill level 3 in Earth Magic
  4327 | D:6      | Reached skill level 3 in Poison Magic
  4327 | D:6      | Reached skill level 4 in Invocations
  4900 | D:6      | Noticed Blork the orc
  4913 | D:6      | Killed Blork the orc
  4914 | D:6      | Reached XP level 9. HP: 68/76 MP: 16/16
  4926 | D:6      | Reached skill level 4 in Short Blades
  4926 | D:6      | Reached skill level 4 in Long Blades
  4926 | D:6      | Reached skill level 4 in Axes
  4926 | D:6      | Reached skill level 4 in Polearms
  4926 | D:6      | Reached skill level 4 in Staves
  4926 | D:6      | Reached skill level 4 in Ranged Weapons
  4926 | D:6      | Reached skill level 4 in Throwing
  4926 | D:6      | Reached skill level 4 in Armour
  4926 | D:6      | Reached skill level 4 in Shields
  4926 | D:6      | Reached skill level 4 in Unarmed Combat
  4926 | D:6      | Reached skill level 4 in Spellcasting
  4926 | D:6      | Reached skill level 4 in Evocations
  5551 | D:6      | Reached skill level 6 in Stealth
  5687 | D:7      | Reached skill level 8 in Fighting
  5687 | D:7      | Reached skill level 8 in Maces & Flails
  5687 | D:7      | Reached skill level 8 in Dodging
  5696 | D:7      | Found a staircase to the Ecumenical Temple.
  5887 | D:7      | Found a bloodstained altar of Trog.
  5993 | D:7      | Reached skill level 5 in Invocations
  6322 | D:7      | Found a basalt altar of Yredelemnul.
  6647 | D:8      | Reached skill level 4 in Conjurations
  6647 | D:8      | Reached skill level 4 in Hexes
  6647 | D:8      | Reached skill level 4 in Summonings
  6647 | D:8      | Reached skill level 4 in Necromancy
  6647 | D:8      | Reached skill level 4 in Translocations
  6647 | D:8      | Reached skill level 4 in Transmutations
  6647 | D:8      | Reached skill level 4 in Fire Magic
  6647 | D:8      | Reached skill level 4 in Ice Magic
  6647 | D:8      | Reached skill level 4 in Air Magic
  6647 | D:8      | Reached skill level 4 in Earth Magic
  6647 | D:8      | Reached skill level 4 in Poison Magic
  6692 | D:8      | Reached skill level 5 in Short Blades
  6692 | D:8      | Reached skill level 5 in Long Blades
  6692 | D:8      | Reached skill level 5 in Axes
  6692 | D:8      | Reached skill level 5 in Polearms
  6692 | D:8      | Reached skill level 5 in Staves
  6692 | D:8      | Reached skill level 5 in Ranged Weapons
  6692 | D:8      | Reached skill level 5 in Throwing
  6692 | D:8      | Reached skill level 5 in Armour
  6692 | D:8      | Reached skill level 5 in Shields
  6692 | D:8      | Reached skill level 5 in Unarmed Combat
  6692 | D:8      | Reached skill level 5 in Spellcasting
  6692 | D:8      | Reached skill level 5 in Evocations
  6692 | D:8      | Reached XP level 10. HP: 81/85 MP: 19/19
  6771 | D:8      | Noticed a skeletal warrior
  6797 | D:8      | Killed a skeletal warrior
  6884 | D:8      | Noticed a two-headed ogre
  6884 | D:8      | Noticed a manticore
  6903 | D:8      | Killed a two-headed ogre
  6904 | D:8      | Reached skill level 7 in Stealth
  6904 | D:8      | Reached skill level 6 in Invocations
  6922 | D:8      | Killed a manticore
  7353 | D:9      | Found a burning altar of Makhleb.
  7407 | D:9      | Found a stormy altar of Qazlal.
  7431 | D:9      | Asphyxiated

Illustrated notes

Levels and vault maps discovered:
D:1:      shiori_arrival_whats_in_store_for_you, layout_rooms,
          shapermc_ecumenical_altar_acropolis, minmay_misc_feat_pillars
D:2:      layout_loops_ring, chequers_decorated_corner,
          nicolae_kite_square_tiling_tiny, minmay_increasing_density
D:3:      layout_loops_ring, general_overflow_altar, fedhas_ov_isle_minmay
D:4:      cheibrodos_thug_alley, layout_basic, ebering_dispersal_statue_hall,
          st_stairs_2, hex_intersection, chequers_jeans
D:5:      layout_loops_ring, xom_redecorated, cheibrodos_sewer_entry_drain
D:6:      layout_loops_corners, serial_bayou, serial_bayou_shore_a,
          serial_bayou_pond_a, serial_bayou_lagoon_a, serial_bayou_pond_c,
          uniq_blork_the_orc
D:7:      layout_cave_pods, yredelemnul_forgotten_temple_becter,
          mainiacjoe_overflow_six_doors_small, temple_pool_b
D:8:      layout_rooms, serial_bayou_pond_e, nzn_random_ring
D:9:      layout_basic, mainiacjoe_overflow_catwalk_spiral, erik_lair_dragon,
          minmay_orc_entry_temple_small, nzn_life_drinkers, uniq_grum

Skill      XL: |  1  2  3  4  5  6  7  8  9 10 |
---------------+-------------------------------+-----
Invocations    | 1 2 3 4 5 6 |  6.4
Short Blades   | 1 2 3 5 |  5.9
Long Blades    | 1 2 3 5 |  5.9
Axes           | 1 2 3 5 |  5.9
Polearms       | 1 2 3 5 |  5.9
Staves         | 1 2 3 5 |  5.9
Ranged Weapons | 1 2 3 5 |  5.9
Throwing       | 1 2 3 5 |  5.9
Armour         | 1 2 3 5 |  5.9
Shields        | 1 2 3 5 |  5.9
Unarmed Combat | 1 2 3 5 |  5.9
Spellcasting   | 1 2 3 5 |  5.9
Evocations     | 1 2 3 5 |  5.9
Conjurations   | 1 2 3 4 |  4.8
Hexes          | 1 2 3 4 |  4.8
Summonings     | 1 2 3 4 |  4.8
Necromancy     | 1 2 3 4 |  4.8
Translocations | 1 2 3 4 |  4.8
Transmutations | 1 2 3 4 |  4.8
Fire Magic     | 1 2 3 4 |  4.8
Ice Magic      | 1 2 3 4 |  4.8
Air Magic      | 1 2 3 4 |  4.8
Earth Magic    | 1 2 3 4 |  4.8
Poison Magic   | 1 2 3 4 |  4.8
Fighting       | 7 8 |  8.9
Maces & Flails | 7 8 |  8.9
Dodging        | 7 8 |  8.9
Stealth        | 5 6 7 |  7.3

Action                   |  1- 3 |  4- 6 |  7- 9 | 10-12 || total
-------------------------+-------+-------+-------+-------++-------
Melee: Mace              |    63 |    34 |       |       ||    97
       Bite              |     4 |    14 |    55 |    17 ||    90
       Punch             |     1 |     1 |       |       ||     2
       Flail             |       |   128 |   433 |   132 ||   693
Throw: Dart              |       |       |    17 |     2 ||    19
Invok: Curse Item        |     1 |     3 |     3 |       ||     7
       Shatter the Chain |       |       |     2 |       ||     2
Evoke: Wand              |       |       |       |     5 ||     5
  Use: Potion            |       |       |       |     3 ||     3
 Stab: Sleeping          |     3 |    10 |     4 |       ||    17
       Distracted        |       |       |     1 |       ||     1
       Invisible         |       |       |       |     3 ||     3
Armor: Robe              |     3 |       |       |       ||     3
       Ring mail         |    11 |    29 |    24 |       ||    64
       Chain mail        |       |       |    84 |    43 ||   127
Dodge: Dodged            |    32 |    79 |   279 |    82 ||   472
Block: Buckler           |       |    13 |    94 |    39 ||   146
